[Event "*** Titled Tuesday Blitz"]
[Site "Chess.com"]
[Date "2019.09.03"]
[Round "6"]
[White "Lunaticx"]
[Black "BASSU1"]
[Result "0-1"]
[WhiteElo "2835"]
[BlackElo "2571"]
[TimeControl "180+2"]
[EndTime "16:19:08 PDT"]
[Termination "BASSU1 won on time"]

1. e4 c5 2. Nf3 e6 3. c3 Nf6 4. e5 Nd5 5. Bc4 d6 6. exd6 Bxd6 7. d4 cxd4 8. Qxd4 O-O 9. Bg5 Qc7 10. Bxd5 exd5 11.
O-O Be6 12. Nbd2 Nc6 13. Qh4 f6 14. Be3 Ne5 15. h3 Rae8 16. Qa4 Qc8 17. Bf4 Bxh3 18.
gxh3 Qxh3 19. Nxe5 fxe5 20. Bg3 Re6 21. Qb5 Rd8 22.
Qxd5 Bc7 23. Qc4 Bb6 24. Ne4 Kh8 25. Rad1 Rh6 26. Rxd8+ Bxd8 27. f3 Bb6+ 0-1

[Event "*** Titled Tuesday Blitz"]
[Site "Chess.com"]
[Date "2019.09.03"]
[Round "6"]
[White "jefferyx"]
[Black "Ali_rastbod"]
[Result "1-0"]
[WhiteElo "2945"]
[BlackElo "2706"]
[TimeControl "180+2"]
[EndTime "16:19:12 PDT"]
[Termination "jefferyx won by checkmate"]

1. d4 Nf6 2. c4 e6 3. Nc3 Bb4 4.
Nf3 O-O 5. Bg5 d5 6. e3 Nbd7 7. Rc1 c5 8. cxd5 exd5 9. dxc5 Qa5 10. Nd2 Ne4 11. Ndxe4 dxe4 12. a3 Bxc3+ 13. Rxc3 Nxc5 14. b4 Nd3+ 15. Bxd3 Qxg5 16. Bxe4 Qe5 17. Qc2 a5 18. O-O axb4 19. axb4 h6 20. Rc5 Qf6 21. h3 Be6 22. Bxb7 Rab8 23. Rc7 Qg5 24. Qc5 Qg6 25. Kh2 Rfd8 26.
Bf3 Qd3 27. Kg1 Qb3 28. Rb7 Rbc8 29. Qe5 Rc4 30. b5 Rb4 31. Ra1 Bc4 32. Rb8 Rxb8 33.
Qxb8+ Kh7 34. Be4+ g6 35. Ra8 Kg7 36. Qh8# 1-0

[Event "*** Titled Tuesday Blitz"]
[Site "Chess.com"]
[Date "2019.09.03"]
[Round "6"]
[White "vanyakuba"]
[Black "Chigorinetz"]
[Result "0-1"]
[WhiteElo "2357"]
[BlackElo "2570"]
[TimeControl "180+2"]
[EndTime "16:19:12 PDT"]
[Termination "Chigorinetz won on time"]

1. e4 c5 2. c3 Nc6 3. d4 cxd4 4. cxd4 d5 5. exd5 Qxd5 6. Nf3 e5 7. Nc3 Bb4 8. Bd2 Bxc3 9. Bxc3 e4 10. Ne5 Nxe5 11.
dxe5 Ne7 12. Qa4+ Bd7 13. Qa3 Qe6 14. Rd1 O-O 15. Rd6 Qf5 16. Be2 Bc6 17. O-O Ng6 18.
Qa5 Rfe8 19. e6 fxe6 20. Bc4 Qxa5 21. Bxa5 Kf7 22. Rfd1 Rac8 23. Bc3 Nf4 24. g3 Nh5 25. Be5 Nf6 26. h3 h5 27. b3 Re7 28. Be2 g6 29. Rc1 Rf8 30. Bd4 Rd7 31. Rxd7+ Nxd7 32. Bxa7 Ra8 33. Bd4 Rxa2 34. Bc4 Ke7 35. b4 Ra4 36. b5 Bd5 37. Bxd5 exd5 38. Be3 Rb4 0-1

[Event "*** Titled Tuesday Blitz"]
[Site "Chess.com"]
[Date "2019.09.03"]
[Round "6"]
[White "Genghis_K"]
[Black "NTBT_DHS"]
[Result "0-1"]
[WhiteElo "2853"]
[BlackElo "2722"]
[TimeControl "180+2"]
[EndTime "16:19:16 PDT"]
[Termination "NTBT_DHS won by checkmate"]

1. e4 c5 2. Nf3 d6 3. Bb5+ Nc6 4. Bxc6+ bxc6 5. O-O e5 6. c3 Nf6 7. Re1 Be7 8. d4 Qc7 9. dxe5 dxe5 10. Bg5 h6 11. Bh4 Bg4 12. Nbd2 g5 13. Bg3 Nd7 14. Nc4 f6 15.
Ne3 Be6 16. Nd2 Nb6 17. Qh5+ Bf7 18. Qf3 h5 19. h4 O-O-O 20. Rad1 Kb7 21. Nf5 Bxa2 22.
b3 c4 23. b4 Rd3 24. Qe2 Rhd8 25. hxg5 Na4 26. g6 Nxc3 27. Qxh5 Nxd1 28. Nf3 Bxb4 29. Rf1 c3 30. Qh6 c2 31. Qc1 Bb1 32. g7 Ba3 33.
Qh6 c1=Q 34. Qxf6 Bd6 35. Nxe5 Rxg3 36. Nf7 Rxg2+ 37. Kh1 Rh2+ 38. Kg1 Rg2+ 39. Kh1 Nxf2+ 40. Kxg2 Bxe4+ 41. Kxf2 Qd2+ 42. Kg1 Bh2# 0-1

[Event "*** Titled Tuesday Blitz"]
[Site "Chess.com"]
[Date "2019.09.03"]
[Round "6"]
[White "tteshan"]
[Black "boasovietica"]
[Result "1-0"]
[WhiteElo "2206"]
[BlackElo "2441"]
[TimeControl "180+2"]
[EndTime "16:19:18 PDT"]
[Termination "tteshan won by resignation"]

1. d4 Nf6 2. c4 g6 3. Nc3 Bg7 4. e4 O-O 5. f4 d6 6. Nf3 c5 7. d5 e6 8. Be2 exd5 9. cxd5 Re8 10. e5 dxe5 11. fxe5 Ng4 12. Bg5 f6 13. exf6 Bxf6 14. Qd2 Bxg5 15. Qxg5 Ne3 16. Qxd8 Rxd8 17. Kf2 Ng4+ 18.
Kg3 Na6 19. Bc4 Ne3 20. b3 Nf5+ 21. Kf2 Nd6 22. Nb5 Nxb5 23. Bxb5 Nc7 24. Bc4 Kg7 25. Rad1 b5 26. d6 bxc4 27. dxc7 Rxd1 28. Rxd1 cxb3 29. axb3 Be6 30. Rd8 Rc8 31. Ng5 Bf5 32. Rxc8 Bxc8 33. Ne4 Kf7 34. Nd6+ Ke7 35. Nxc8+ Kd7 36. Nxa7 Kxc7 37.
Nb5+ Kb6 38. Nc3 Ka5 39. Nd5 Kb5 40. Ke3 c4 41. bxc4+ Kxc4 42. Nf6 h6 43. Ng8 h5 44. Kf4 Kd4 45. Ne7 Kd3 46. Nxg6 Ke2 47. Nh4 Kf2 48. Kg5 Kg1 49. h3 Kh2 50. Kxh5 Kg3 51. Kg5 1-0

[Event "*** Titled Tuesday Blitz"]
[Site "Chess.com"]
[Date "2019.09.03"]
[Round "6"]
[White "kleinebeer98"]
[Black "Last7Samurai"]
[Result "1-0"]
[WhiteElo "2678"]
[BlackElo "2770"]
[TimeControl "180+2"]
[EndTime "16:19:22 PDT"]
[Termination "kleinebeer98 won by resignation"]

1. e4 e6 2. d4 d5 3. Nc3 Nf6 4. e5 Nfd7 5. f4 c5 6. Nf3 Nc6 7. Be3 Be7 8. Be2 O-O 9. O-O a6 10. Kh1 b5 11. a3 Bb7 12. Qe1 cxd4 13. Nxd4 Nxd4 14. Bxd4 f6 15. Bg4 f5 16. Bf3 Nc5 17.
Qe3 Ne4 18. Bxe4 dxe4 19. Rad1 Qc8 20. Bb6 Qc6 21. Rd2 a5 22. Rfd1 b4 23. axb4 axb4 24. Ne2 Ba6 25. Ng3 Bc4 26. Rd7 Rf7 27. Rc7 Qb5 28.
Bc5 Bxc5 29. Rxc5 Rd7 30. Re1 Qb6 31. Rc8+ Rxc8 32. Qxb6 Bd5 33. Qf2 e3 34. Rxe3 Rdc7 35. Re2 b3 36. c3 Ra8 37. h3 Ra1+ 38. Kh2 Rca7 39. Re1 R1a2 40. Nf1 Rc7 41. Ne3 Be4 42. c4 h6 43. Rc1 Kh7 44. Rc3 Rb7 45. c5 Ra1 46. c6 Rc7 47. Rxb3 Rxc6 48. Rc3 Rb6 49. Nxf5 Rb4 50. Nd6 Bd5 51. Rc7 Ra2 52. Qg3 1-0

[Event "*** Titled Tuesday Blitz"]
[Site "Chess.com"]
[Date "2019.09.03"]
[Round "6"]
[White "chessking2151"]
[Black "Valuebet2000"]
[Result "0-1"]
[WhiteElo "2605"]
[BlackElo "2499"]
[TimeControl "180+2"]
[EndTime "16:19:24 PDT"]
[Termination "Valuebet2000 won by resignation"]

1. d4 d5 2. c4 c6 3. Nf3 Nf6 4. cxd5 cxd5 5. Nc3 Nc6 6. Bf4 Bf5 7. Qb3 Na5 8. Qa4+ Bd7 9. Qc2 e6 10. e3 Rc8 11. Ne5 Nc6 12. Nxd7 Qxd7 13. Be2 Bd6 14. Bg5 Be7 15. O-O O-O 16. Bh4 Ne4 17. Bg3 Na5 18. Rac1 Bb4 19. Bd3 Bxc3 20. Bxe4 dxe4 21. bxc3 f5 22. f3 Nc4 23. Qe2 Qd5 24. Rb1 b6 25. Rb4 a5 26. Rbb1 Qc6 27. Rfc1 b5 28. Rf1 exf3 29.
gxf3 g5 30. h4 h6 31. hxg5 hxg5 32. Kf2 Kg7 33. Rh1 Rh8 34. Rbg1 Kf7 35. e4 f4 36. Bh2 Rcg8 37. Rg2 Ne3 38. Qd3 Nxg2 39. Kxg2 g4 40. d5 gxf3+ 41. Kxf3 Rh3+ 0-1

[Event "*** Titled Tuesday Blitz"]
[Site "Chess.com"]
[Date "2019.09.03"]
[Round "6"]
[White "Denis_Palkovich"]
[Black "Keithonsky"]
[Result "0-1"]
[WhiteElo "2219"]
[BlackElo "2374"]
[TimeControl "180+2"]
[EndTime "16:19:28 PDT"]
[Termination "Keithonsky won by resignation"]

1. d4 Nf6 2. Bf4 c5 3. e3 Qb6 4. Na3 cxd4 5. exd4 d6 6. Nc4 Qd8 7. Nf3 g6 8. Bd3 Bg7 9. Qd2 Nc6 10. c3 O-O 11.
Bh6 Bg4 12. Bxg7 Kxg7 13. Qf4 Qc8 14. O-O Nh5 15. Qe3 Re8 16. d5 Nb8 17. h3 Bxf3 18.
Qxf3 Nd7 19. a4 Nb6 20. Ne3 e5 21. dxe6 fxe6 22. Ng4 Rf8 23. Qe3 Nf4 24. Qd4+ e5 25.
Qxd6 Qb8 26. Qxe5+ Qxe5 27. Nxe5 Rae8 28. Rfe1 Rxe5 29.
Rxe5 Nxd3 30. Re7+ Rf7 31. Rxf7+ Kxf7 32. a5 Nc4 33. b4 Nde5 34. Rd1 g5 35. g3 Ke6 36. f4 gxf4 37. gxf4 Nf7 38. Kf2 Nfd6 39. Kf3 h5 40. Rg1 Nf7 41. Rg6+ Ke7 42. Rg7 Kf6 43. Rg8 Nfd6 44.
Ra8 a6 45. Rf8+ Kg7 46. Rd8 Kg6 47. Rd7 Kf6 48. Rh7 Kg6 49. Rc7 h4 50. Ke2 Kf5 51.
Kd3 Kxf4 52. Rxc4+ Nxc4 53. Kxc4 Kg3 54. b5 Kxh3 55.
bxa6 bxa6 56. Kd4 Kg4 57. c4 h3 58. c5 h2 59. c6 h1=Q 60. c7 Qb7 0-1

[Event "*** Titled Tuesday Blitz"]
[Site "Chess.com"]
[Date "2019.09.03"]
[Round "6"]
[White "IMTominho"]
[Black "STARMATEcc"]
[Result "1-0"]
[WhiteElo "2697"]
[BlackElo "2523"]
[TimeControl "180+2"]
[EndTime "16:19:32 PDT"]
[Termination "IMTominho won by resignation"]

1. d4 Nf6 2. c4 e6 3. Nf3 Bb4+ 4. Bd2 Be7 5. Nc3 d5 6. Bg5 O-O 7. e3 h6 8. Bh4 c6 9. Qc2 Nbd7 10. Rd1 b6 11. Bd3 Ba6 12. b3 Rc8 13. O-O c5 14.
cxd5 cxd4 15. Bxa6 Rxc3 16. Qb2 Nxd5 17. Bxe7 Qxe7 18.
Nxd4 Nc5 19. e4 Nxe4 20. Rfe1 Nef6 21. Bc4 Qb7 22. Nb5 Nf4 23. f3 Rxf3 24. Nd6 Qa8 25.
gxf3 Qxf3 26. Bf1 Rd8 27. Qf2 Qg4+ 28. Qg3 g5 29. Ne4 Qxd1 30. Nxf6+ Kg7 31. Rxd1 Rxd1 32.
Qf3 Rd2 33. Nh5+ Nxh5 34. Qc3+ f6 35. Qxd2 Nf4 36. Qd7+ Kg6 37. Qxa7 e5 38. Qxb6 e4 39.
a4 e3 40. Qxe3 f5 41. a5 1-0

[Event "*** Titled Tuesday Blitz"]
[Site "Chess.com"]
[Date "2019.09.03"]
[Round "6"]
[White "kosmeg"]
[Black "VladimirBelous"]
[Result "0-1"]
[WhiteElo "2418"]
[BlackElo "2723"]
[TimeControl "180+2"]
[EndTime "16:19:41 PDT"]
[Termination "VladimirBelous won by resignation"]

1. d4 c5 2. dxc5 e6 3. Nc3 Bxc5 4. Ne4 Nf6 5. Nxc5 Qa5+ 6. c3 Qxc5 7. Qd4 Qxd4 8. cxd4 Nc6 9. e3 Nb4 10. Kd1 b6 11. Bd2 Nbd5 12. Bd3 Bb7 13. f3 g5 14. Ne2 g4 15. e4 gxf3 16. gxf3 Ne7 17. Rg1 Ng6 18.
Bg5 Nh5 19. Kd2 Bc6 20. Rac1 a5 21. Nc3 Nhf4 22. Bf1 h6 23. Bf6 Rg8 24. Ke3 Nh5 25.
Bh4 Rf8 26. Nb5 Nxh4 27. Nc7+ Ke7 28. Nxa8 Rxa8 29. Bc4 Nf6 30. Bd3 Ng6 31. a3 a4 32. Rc2 Ra5 33. Rgg2 Rh5 34. Rc4 Rh3 35. Rb4 Nh4 36. Rf2 Ng4+ 37. Ke2 Nxf2 38. Kxf2 Rxf3+ 39. Ke2 Rh3 40. Rxb6 Nf3 41. d5 Nd4+ 42. Kd2 exd5 43. exd5 Bxd5 44. Rb4 Rxh2+ 45. Kc3 Nc6 46. Rxa4 h5 47.
Ra8 Ne5 48. Bf5 Bxa8 0-1

[Event "*** Titled Tuesday Blitz"]
[Site "Chess.com"]
[Date "2019.09.03"]
[Round "6"]
[White "Padenie_Zvezd"]
[Black "chegueps"]
[Result "0-1"]
[WhiteElo "2768"]
[BlackElo "2552"]
[TimeControl "180+2"]
[EndTime "16:19:42 PDT"]
[Termination "chegueps won by resignation"]

1. b4 a5 2. b5 b6 3. Bb2 Bb7 4. Nf3 Nf6 5. c4 e6 6. Nc3 d5 7. cxd5 Nxd5 8. e3 Nd7 9. Bc4 N7f6 10.
O-O Bd6 11. Nxd5 Nxd5 12. Bxg7 Rg8 13. Bb2 Qe7 14. g3 O-O-O 15. Nd4 Qh4 16. Qf3 Ne7 17. e4 Bxe4 18. Qe3 Bc5 19. Rfe1 Bb7 20. Rac1 Bxd4 21. Bxd4 Qxd4 22. Bxe6+ fxe6 23. Qxe6+ Rd7 24. Re5 Qxd2 25. Rce1 Bd5 26. Qf6 Ng6 27. R5e2 Qd3 28. Re3 Qxb5 29. Rc3 Rf7 30. Qd4 Re7 31. Rec1 Rge8 32. Qd2 Ne5 33.
a4 Nf3+ 34. Rxf3 Qd7 35. Rd3 Re2 36. Qc3 c5 37. Qf6 Re1+ 0-1

[Event "*** Titled Tuesday Blitz"]
[Site "Chess.com"]
[Date "2019.09.03"]
[Round "6"]
[White "Jenia84"]
[Black "tbalabayev"]
[Result "0-1"]
[WhiteElo "2249"]
[BlackElo "2380"]
[TimeControl "180+2"]
[EndTime "16:19:42 PDT"]
[Termination "tbalabayev won by resignation"]

1. e4 c5 2. Nf3 Nc6 3. d4 cxd4 4. Nxd4 Nf6 5. Nc3 e5 6. Ndb5 d6 7. Nd5 Nxd5 8. exd5 Nb8 9. c4 Be7 10. Be2 O-O 11. O-O a6 12. Nc3 f5 13. f4 Nd7 14. Be3 exf4 15. Bxf4 Qb6+ 16. Rf2 Qxb2 17.
Na4 Qf6 18. c5 g5 19. Bd2 dxc5 20. Bc3 Qd6 21. Qc2 Nf6 22. Bxf6 Rxf6 23. Re1 Bd7 24. Bd3 Raf8 25. Nb6 Be8 26. Nc4 Qd8 27. Bxf5 Bg6 28.
Bxg6 Rxf2 29. Bxh7+ Kh8 30. Qc3+ Bf6 31. Qh3 Kg7 32.
Bf5 Rxf5 33. Qg4 Bd4+ 34. Kh1 Rf1+ 0-1

[Event "*** Titled Tuesday Blitz"]
[Site "Chess.com"]
[Date "2019.09.03"]
[Round "6"]
[White "MartinMatthiesen"]
[Black "nocnypako"]
[Result "1-0"]
[WhiteElo "2469"]
[BlackElo "2580"]
[TimeControl "180+2"]
[EndTime "16:19:44 PDT"]
[Termination "MartinMatthiesen won on time"]

1. d4 Nf6 2. c4 g6 3. Nc3 d5 4. cxd5 Nxd5 5. e4 Nxc3 6. bxc3 Bg7 7. Nf3 c5 8. Be3 Bg4 9. Rb1 O-O 10. Rxb7 Bxf3 11.
gxf3 Nc6 12. Bg2 cxd4 13. cxd4 Qa5+ 14. Qd2 Qxd2+ 15. Kxd2 Nxd4 16. Rc1 e5 17. Rcc7 a5 18. Bxd4 exd4 19. Bf1 Rac8 20. f4 Bh6 21. Rxc8 Rxc8 22. Kd3 Bxf4 23. Kxd4 Rd8+ 24. Kc3 f6 25. Bc4+ Kh8 26. h3 Be5+ 27. Kc2 Rd4 28. Bd5 Rb4 29. Ra7 Rb2+ 30. Kd3 Rxf2 31. Ra8+ Kg7 32. Ra7+ Kh6 33. Bg8 Kg5 34. Rxh7 Rxa2 35. Bxa2 1-0

[Event "*** Titled Tuesday Blitz"]
[Site "Chess.com"]
[Date "2019.09.03"]
[Round "6"]
[White "Cukiero"]
[Black "yiy1156"]
[Result "0-1"]
[WhiteElo "2404"]
[BlackElo "2565"]
[TimeControl "180+2"]
[EndTime "16:19:45 PDT"]
[Termination "yiy1156 won by resignation"]

1. c4 Nf6 2. Nc3 g6 3. g3 Bg7 4. Bg2 O-O 5. d4 c5 6. d5 d6 7.
Nf3 Na6 8. O-O Nc7 9. Ne1 Rb8 10.
a4 b6 11. e4 e6 12. Bf4 exd5 13. cxd5 Ba6 14. Nd3 Nh5 15. Be3 Qd7 16. Re1 f6 17. g4 Bxd3 18. gxh5 Bc4 19. hxg6 hxg6 20. b3 Ba6 21. Rc1 f5 22. exf5 Qxf5 23. Ne4 Nxd5 24. Nxd6 Nxe3 25. Nxf5 Nxd1 26. Ne7+ Kh7 27. Rcxd1 Bd4 28.
Nc6 Bxf2+ 29. Kh1 Bxe1 30. Nxb8 Rxb8 31. Rxe1 Rg8 32. a5 Bb5 33. axb6 axb6 34. Re6 Re8 35.
Rxe8 Bxe8 36. Bd5 Kg7 37. Kg2 Kf6 38. Kg3 Bf7 39. Bc4 Bxc4 40. bxc4 Ke5 41. Kg4 Kd4 42.
Kg5 Kxc4 43. Kxg6 b5 44. h4 b4 45. h5 b3 46. h6 b2 0-1

[Event "*** Titled Tuesday Blitz"]
[Site "Chess.com"]
[Date "2019.09.03"]
[Round "6"]
[White "Ginzburg_Yakov"]
[Black "Kazmin_Dmitrij"]
[Result "1-0"]
[WhiteElo "2520"]
[BlackElo "2306"]
[TimeControl "180+2"]
[EndTime "16:19:51 PDT"]
[Termination "Ginzburg_Yakov won by checkmate"]

1. e4 g6 2. d4 Bg7 3. Nc3 d6 4.
g3 Nd7 5. Bg2 e5 6. Nge2 Ne7 7.
O-O O-O 8. Be3 c6 9. Qd2 Re8 10. Bh6 Bh8 11. Rad1 Qc7 12. f4 Nb6 13. b3 Bg4 14. f5 f6 15. h3 Bxe2 16. Nxe2 Bg7 17. g4 g5 18. Bxg5 fxg5 19. Qxg5 Rf8 20. f6 Ng6 21. fxg7 Qxg7 22. Rf5 Ne7 23. Qxg7+ Kxg7 24. Rg5+ Kh6 25. Rh5+ Kg6 26. dxe5 dxe5 27. Rxe5 Rae8 28. Rd6+ Kg7 29. Ng3 Ng6 30. Nf5+ Kg8 31. Ra5 Nc8 32. Rd7 b6 33. Nh6+ Kh8 34. Rf5 Nh4 35. Rh5 Nxg2 36. Kxg2 Rxe4 37. Nf7+ Kg8 38. Rg5# 1-0

[Event "*** Titled Tuesday Blitz"]
[Site "Chess.com"]
[Date "2019.09.03"]
[Round "6"]
[White "2nd_life"]
[Black "JAN2404"]
[Result "1-0"]
[WhiteElo "2376"]
[BlackElo "1691"]
[TimeControl "180+2"]
[EndTime "16:19:57 PDT"]
[Termination "2nd_life won by checkmate"]

1. e4 c5 2. Nf3 d6 3. b4 cxb4 4. a3 Nf6 5. Bd3 Nc6 6. O-O g6 7. Bb2 Bg7 8. h3 O-O 9. Re1 e5 10. Bf1 bxa3 11. Nxa3 Be6 12. c4 Rc8 13. d3 Nd7 14.
Nb5 Nc5 15. Nxa7 Nxa7 16. Rxa7 Qb6 17. Ra2 Ra8 18. Qa1 Nb3 19. Qb1 f5 20. Rxa8 Rxa8 21.
exf5 Bxf5 22. g4 Bd7 23. Bc3 Bc6 24. Bg2 Ra6 25. Qc2 Nc5 26. d4 exd4 27. Nxd4 Bxg2 28. Kxg2 Bxd4 29. Bxd4 Qc6+ 30. Kg1 b5 31. cxb5 Qxb5 32. Qd2 Qc6 33. Qg5 Ra8 34. Qf6 Qb7 35. Qh8+ Kf7 36. Qxh7+ Kf8 37. Qh8+ Kf7 38. Qg7# 1-0

[Event "*** Titled Tuesday Blitz"]
[Site "Chess.com"]
[Date "2019.09.03"]
[Round "6"]
[White "adriangschnitzer"]
[Black "mortngabriel"]
[Result "0-1"]
[WhiteElo "2521"]
[BlackElo "2324"]
[TimeControl "180+2"]
[EndTime "16:20:06 PDT"]
[Termination "mortngabriel won by checkmate"]

1. e4 c5 2. Nf3 e6 3. d4 cxd4 4. Nxd4 Nc6 5. Nc3 Qc7 6. Be3 a6 7. Qf3 d6 8. O-O-O Bd7 9. Qg3 Rc8 10. f4 b5 11. a3 b4 12. axb4 Nxb4 13. Qf2 Nf6 14.
h3 Qa5 15. Nb3 Na2+ 16. Nxa2 Qxa2 17. Rd3 Bb5 18. Rc3 Rxc3 19. bxc3 Nxe4 20. Qe1 d5 21. Bxb5+ axb5 22. Kd1 Qb1+ 23. Bc1 Be7 24. g4 Bf6 25. Nd4 b4 26. g5 Nxc3+ 27. Qxc3 bxc3 28. gxf6 gxf6 29. Re1 Rg8 30. Ke2 Rg2+ 31. Kf3 Rh2 32. Bd2 Qb4 33. Be3 Rxh3+ 34. Kg2 Rxe3 35. Rxe3 Qxd4 36. Rd3 Qxd3 37. cxd3 c2 38. f5 exf5 39. Kf3 c1=Q 40. d4 Qc3+ 41. Kf4 Qxd4+ 42. Kxf5 Qe5+ 43. Kg4 d4 44. Kh4 d3 45.
Kg4 d2 46. Kh4 d1=Q 47. Kh3 Qh1+ 48. Kg4 Qg2+ 49. Kh4 Qeg5# 0-1

[Event "*** Titled Tuesday Blitz"]
[Site "Chess.com"]
[Date "2019.09.03"]
[Round "6"]
[White "TheFireChess"]
[Black "chessdjw"]
[Result "0-1"]
[WhiteElo "2501"]
[BlackElo "2685"]
[TimeControl "180+2"]
[EndTime "16:20:08 PDT"]
[Termination "chessdjw won by resignation"]

1. g3 g6 2. Bg2 Bg7 3. d3 d6 4.
Nc3 e5 5. e4 f5 6. Be3 Nc6 7. Qd2 Be6 8. exf5 gxf5 9. Bg5 Qd7 10. Nge2 h6 11. Be3 Nf6 12. h3 d5 13. d4 Ne4 14.
Nxe4 fxe4 15. O-O-O O-O-O 16. a3 Kb8 17. Qc3 Rhf8 18. g4 Rf7 19. dxe5 Bxe5 20. Nd4 Nxd4 21. Bxd4 Bxd4 22. Qxd4 Rdf8 23. Rd2 Qd6 24. Qe3 Rf4 25.
Rhd1 Qb6 26. Qc3 Rxf2 27. Qg7 a6 28. Qxh6 e3 29. Rxf2 Rxf2 30. Bh1 Rxc2+ 31. Kxc2 Bf5+ 32. gxf5 Qxh6 33. Bxd5 Qxh3 34. Bc4 Qxf5+ 35. Bd3 Qc5+ 36. Kb1 Ka7 37. Re1 Qd4 38. Kc2 b5 39. b4 Kb6 40.
Re2 a5 41. bxa5+ Kxa5 42. Rh2 c5 43. Rh5 c4 44. Bf1 Qd2+ 0-1

[Event "*** Titled Tuesday Blitz"]
[Site "Chess.com"]
[Date "2019.09.03"]
[Round "6"]
[White "SONOFHOLYGOD"]
[Black "ace_mar"]
[Result "1-0"]
[WhiteElo "2574"]
[BlackElo "2325"]
[TimeControl "180+2"]
[EndTime "16:20:13 PDT"]
[Termination "SONOFHOLYGOD won by resignation"]

1. e4 e5 2. Nc3 Nf6 3. f4 d5 4. fxe5 Nxe4 5. Nf3 Be7 6. d3 Nxc3 7. bxc3 O-O 8. d4 c5 9. Bd3 Nc6 10. O-O f6 11. exf6 Bxf6 12. dxc5 Bxc3 13. Bxh7+ Kxh7 14. Qd3+ Bf5 15. Qxc3 d4 16. Qb3 Qd7 17. Ng5+ Kh8 18. Bf4 d3 19. Bd6 dxc2 20. g4 Bxg4 21. Qxc2 Bf5 22.
Qf2 Rf6 23. Rae1 Re8 24. Qh4+ Rh6 25. Qc4 Rf6 26. Rd1 Be6 27. Qh4+ Rh6 28. Qg3 Rg8 29. Rd2 Qe8 30. Re2 Nd4 31. Re4 Nf5 32. Qe5 Nxd6 33. cxd6 Bd7 34. Qxe8 Rxe8 35. Nf7+ Kg8 36. Nxh6+ gxh6 37. Rxe8+ Bxe8 38. Rf4 Bd7 39. a3 Kg7 40. Kf2 Bc6 41. Ke3 Bd7 42. Kd4 Kg6 43. Ke5 Kg7 44. Rc4 Bc6 45. Rxc6 bxc6 1-0

[Event "*** Titled Tuesday Blitz"]
[Site "Chess.com"]
[Date "2019.09.03"]
[Round "6"]
[White "nOcHeaTiNgKiD"]
[Black "rikyshi"]
[Result "0-1"]
[WhiteElo "2447"]
[BlackElo "2228"]
[TimeControl "180+2"]
[EndTime "16:20:15 PDT"]
[Termination "rikyshi won by resignation"]

1. e4 e6 2. Nf3 d5 3. e5 c5 4. b4 cxb4 5. d4 Nc6 6. a3 bxa3 7. c3 Nge7 8. h4 f6 9. Nxa3 fxe5 10.
dxe5 Ng6 11. Qe2 Qa5 12. Bb2 Qb6 13. Nb5 Bc5 14. Nd6+ Bxd6 15. exd6 e5 16. Ng5 Nf4 17.
Qc2 g6 18. g3 Bf5 19. Qd2 O-O-O 20. gxf4 exf4 21. Bd3 Rhe8+ 22. Kf1 Bxd3+ 23. Qxd3 Qxb2 24. Kg2 Rxd6 25. Rhb1 Qe2 26. Qxe2 Rxe2 27. Kf3 Rc2 28. Ra3 a6 29. Nxh7 Ne5+ 30. Kxf4 Nc4 31. Rab3 Nd2 32. R3b2 Rxb2 33. Rxb2 Ne4 34. c4 Nf6 35. Nxf6 Rxf6+ 36.
Kg5 Rd6 37. cxd5 b5 38. f4 Kb7 39. Rc2 b4 40. Rc5 Kb6 41. Rc8 a5 42. f5 gxf5 43. h5 Rxd5 44. h6 Rd7 45. Rb8+ Kc5 46. Ra8 Kb5 47. Rb8+ Ka4 48. Kxf5 Rh7 49. Kg6 Rxh6+ 50.
Kxh6 Kb3 51. Kg5 a4 52. Kf4 a3 53. Ra8 Kb2 54. Ke3 b3 55. Kd2 a2 0-1

[Event "*** Titled Tuesday Blitz"]
[Site "Chess.com"]
[Date "2019.09.03"]
[Round "6"]
[White "bubacik"]
[Black "VladDobrov"]
[Result "1-0"]
[WhiteElo "2733"]
[BlackElo "2874"]
[TimeControl "180+2"]
[EndTime "16:20:17 PDT"]
[Termination "bubacik won by resignation"]

1. d4 Nf6 2. c4 e6 3. Nf3 c5 4. d5 exd5 5. cxd5 Bd6 6. Nc3 Bc7 7. e4 d6 8. Bd3 O-O 9. h3 a6 10. a4 Re8 11. O-O Nbd7 12. Bf4 Rb8 13. Re1 Qe7 14. Bh2 Qf8 15. Qc2 g6 16. Rab1 Ne5 17. Nxe5 dxe5 18. Rec1 Bd6 19. a5 Bd7 20. Nd1 Nh5 21. Ne3 Nf4 22. Bf1 Bb5 23. Qb3 b6 24. axb6 Rxb6 25. Nc4 Rbb8 26. Qf3 Bxc4 27. Bxc4 Rb6 28. b3 Qe7 29.
Ra1 Qb7 30. Ra5 Ra8 31. Rca1 Kg7 32. Qc3 f6 33. Kf1 h5 34. h4 g5 35. hxg5 fxg5 36.
Bxf4 gxf4 37. Qd3 Rb4 38. Ke2 Bc7 39. Rxa6 Rxa6 40. Rxa6 Rb6 41. Rxb6 Qxb6 42. Qh3 Kh6 43. Qd7 Bd6 44. Qe6+ Kg5 45. Qf5+ Kh6 46. Qf6+ Kh7 47.
Qf7+ Kh6 48. Qf6+ Kh7 49. Qf7+ Kh6 50. Qd7 Kg5 51. Qg7+ Kh4 52. Qf6+ Kg4 53. Kf1 Qa5 54. Be2+ 1-0

[Event "*** Titled Tuesday Blitz"]
[Site "Chess.com"]
[Date "2019.09.03"]
[Round "6"]
[White "mitrabhaa"]
[Black "chess3054"]
[Result "1-0"]
[WhiteElo "2652"]
[BlackElo "2492"]
[TimeControl "180+2"]
[EndTime "16:20:17 PDT"]
[Termination "mitrabhaa won by resignation"]

1. Nf3 Nf6 2. g3 b6 3. Bg2 Bb7 4. O-O e6 5. d4 Be7 6. c4 O-O 7.
Nc3 Ne4 8. Bd2 f5 9. Qc2 Nxc3 10. Bxc3 Be4 11. Qd2 d6 12. Ne1 Bxg2 13. Nxg2 Bf6 14. Nf4 Qe7 15. d5 e5 16. Ne6 Re8 17. Qc2 g6 18. e3 Nd7 19. f4 Nf8 20. fxe5 Bxe5 21.
Nd4 Bxd4 22. Bxd4 Nd7 23. Qc3 Ne5 24. Rf4 Qd7 25. Raf1 Re7 26. Qc2 Rae8 27. h3 c6 28. Qe2 c5 29. Bc3 Rf7 30. b3 g5 31. R4f2 g4 32.
Bxe5 Rxe5 33. hxg4 Rfe7 34. gxf5 Rxe3 35. Qh5 Rxg3+ 36.
Kh2 Reg7 37. f6 R7g6 38. f7+ Kf8 39. Re1 Rg2+ 40. Rxg2 Rxg2+ 41. Kxg2 1-0

[Event "*** Titled Tuesday Blitz"]
[Site "Chess.com"]
[Date "2019.09.03"]
[Round "6"]
[White "bugsbunny444"]
[Black "HouseOfDurin"]
[Result "0-1"]
[WhiteElo "2515"]
[BlackElo "2019"]
[TimeControl "180+2"]
[EndTime "16:20:18 PDT"]
[Termination "HouseOfDurin won on time"]

1. Nf3 c5 2. c4 Nc6 3. d4 cxd4 4. Nxd4 g6 5. e4 Bg7 6. Be3 d6 7. Nc3 Nf6 8. Be2 O-O 9. O-O a6 10. f3 e5 11. Nc2 Be6 12. Qd2 Qe7 13. Rfd1 Rfd8 14.
Rac1 Ne8 15. Bb6 Rd7 16. Ne3 Bh6 17. Ned5 Bxd2 18. Nxe7+ Nxe7 19. Rxd2 f5 20. c5 dxc5 21.
Rxd7 Bxd7 22. Bxc5 Nc6 23. Nd5 Be6 24. Bc4 Kf7 25.
b4 b5 26. Bb3 Rc8 27. Bb6 Nd4 28. Rxc8 Bxc8 29. Bxd4 exd4 30. exf5 gxf5 31. Kf2 Be6 32. Ke2 Nf6 33. Nc7 Bxb3 34. axb3 Ke7 35. Kd3 Kd6 36. Nxa6 Kc6 37. Kxd4 Nh5 38. g3 f4 39. g4 Nf6 40. Ke5 Nxg4+ 41. fxg4 f3 0-1

[Event "*** Titled Tuesday Blitz"]
[Site "Chess.com"]
[Date "2019.09.03"]
[Round "6"]
[White "Faustregel"]
[Black "babero_gordo"]
[Result "1-0"]
[WhiteElo "2507"]
[BlackElo "2182"]
[TimeControl "180+2"]
[EndTime "16:20:25 PDT"]
[Termination "Faustregel won by resignation"]

1. e4 c5 2. Nf3 Nc6 3. d4 cxd4 4. Nxd4 g6 5. Nc3 Bg7 6. Be3 Nf6 7. Bc4 O-O 8. Bb3 Re8 9. O-O e6 10. a4 d5 11. exd5 exd5 12. Bg5 Nxd4 13. Qxd4 Ne4 14. Qxg7+ Kxg7 15. Bxd8 Nxc3 16. Ba5 Ne2+ 17. Kh1 Be6 18.
Rfe1 Nf4 19. g3 Nh3 20. Bc3+ Kg8 21. Bd4 Ng5 22. Re3 Ne4 23. f3 Nd2 24. Ba2 Nc4 25. Re2 Rac8 26. c3 b6 27. b3 Nd6 28.
Rae1 Nf5 29. Bf6 h5 30. Bb1 Nd6 31. Be5 Rc6 32. Bd3 Rec8 33. Kg2 Kf8 34. h3 Ke7 35. g4 hxg4 36. hxg4 R6c7 37. Kg3 Rd7 38. Rh1 Nb7 39. Bb5 Rdd8 40. Ba6 Rd7 41. Bd4 Rcd8 42. Bb5 Rc7 43. Rh7 Nc5 44. b4 Nb3 45. Be5 Rcc8 46. g5 Kf8 47. Bf6 1-0